 Dungeon Crawl Stone Soup version 0.31-a0-1338-gb567cfdca4 (webtiles) character file.

Game seed: 3928608718108384420

500 Curundu the Chopper (level 7, -11/62 HPs)
             Began as a Hill Orc Berserker on Dec 21, 2023.
             Was a Priest of Trog.
             Mangled by an iguana (13 damage)
             ... on level 6 of the Dungeon.
             The game lasted 00:11:20 (2848 turns).

Curundu the Chopper (Hill Orc Berserker)            Turns: 2848, Time: 00:11:20

Health: -11/62     AC:  4    Str: 22    XL:     7   Next: 16%
Magic:  7/7        EV: 12    Int:  7    God:    Trog [***...]
Gold:   207        SH:  0    Dex: 10    Spells: 6/6 levels left

rFire   x . .        v - +3 dagger
rCold   + . .        y - orb {mayhem}
rNeg    . . .        b - +0 animal skin
rPois   .            (no helmet)
rElec   .            l - +0 cloak
rCorr   .            (no gloves)
SInv    .            u - +0 pair of boots
Will    .....        c - amulet of the acrobat
Stlth   +            f - +4 ring of slaying
HPRegen 0.30/turn    i - ring of ice
MPRegen 0.10/turn

%: mayhem, acrobat
@: no status effects
A: no striking features
a: Renounce Religion, Berserk, Trog's Hand


You were on level 6 of the Dungeon.
You worshipped Trog.
Trog was most pleased with you.
You visited 1 branch of the dungeon, and saw 5 of its levels.

You collected 207 gold pieces.

Inventory:

Hand Weapons
 a - a +0 hand axe
 e - a +0 short sword of electrocution
 o - a +1 dagger of venom
 v - a +3 dagger (weapon)
Missiles
 w - 2 boomerangs (quivered)
Armour
 b - a +0 animal skin (worn)
 l - a +0 cloak (worn)
 u - a +0 pair of boots (worn)
 y - an orb of mayhem (worn)
Jewellery
 c - an amulet of the acrobat (around neck)
 f - a +4 ring of slaying (left hand)
 i - a ring of ice (right hand)
 n - an amulet of guardian spirit
Scrolls
 h - a scroll of fear {unknown}
 j - a scroll of torment {unknown}
 k - a scroll of enchant weapon {unknown}
 p - a scroll of revelation {unknown}
 r - a scroll of teleportation {unknown}
 s - 2 scrolls of identify {unknown}
 t - a scroll of brand weapon {unknown}
Potions
 d - a potion of heal wounds {unknown}
 g - 3 potions of magic {unknown}
 m - a potion of ambrosia {unknown}
 q - a potion of brilliance {unknown}
 x - a potion of degeneration {unknown}
 z - a potion of lignification {unknown}


   Skills:
 + Level 5.9 Fighting
 + Level 1.9 Short Blades
 + Level 7.3 Axes
 + Level 0.2 Throwing
 + Level 2.2 Armour
 + Level 2.9 Dodging
 + Level 0.1 Stealth


You had 6 spell levels left.
You didn't know any spells.
Your spell library was empty.

Dungeon Overview and Level Annotations

Branches:
Dungeon (4/15)
 Temple: D:4-7

Altars:

Shops:
D:1 *   D:6 :


Message History

The black bear barely misses you. The black bear claws you. x2
The iguana barely misses you.
You puncture the black bear!
You kill the black bear!
Trog accepts your kill. The iguana bites you.
You have reached level 7!
You hit the iguana but do no damage.
The iguana is lightly wounded.
The iguana completely misses you.
You hit the iguana.
The iguana is moderately wounded.
The iguana closely misses you.
You barely miss the iguana.
The iguana is moderately wounded.
You hit the iguana.
The iguana is heavily wounded.
The iguana bites you.
You puncture the iguana!
The iguana is almost dead.
The iguana completely misses you.
You closely miss the iguana.
The iguana is almost dead.
The iguana barely misses you. x2
You hit the iguana.
The iguana is almost dead.
The iguana bites you but does no damage.
The iguana hisses menacingly.
The iguana bites you!
You hit the iguana.
You kill the iguana!
Trog accepts your kill.
The iguana flies into a frenzy!
The iguana bites you!
* * * LOW HITPOINT WARNING * * *
You closely miss the iguana. The iguana bites you!
* * * LOW HITPOINT WARNING * * *
The iguana closely misses you.
You barely miss the iguana. The iguana barely misses you.
You hit the iguana but do no damage. The iguana bites you!
You die...

........ ..... .........
........ ..... #...#.
........... .....##.?..
.#......... #.....#$..#
..#.......##
......#...###.........+.
.....................##.
......†..............#..
......l@............##..
.....#.....#........#...
... #......#)...##.##'#.
. #.....##..........##
#..##.......†.....# ...#
#.......#....## ....
#......##....#
=#...........##..###
#............#


You could see a neutral iguana (fast, strong, frenzied).

Vanquished Creatures
  A black bear (D:6)
  A phantom (D:6)
  A hound (D:3)
  2 iguanas (D:6)
  Terence (D:3)
  2 orc wizards (D:3)
  A scorpion zombie (D:3)
  A howler monkey skeleton (D:3)
  2 adders
  2 ufetubi (D:6)
  An adder zombie (D:3)
  2 adder skeletons (D:3)
  A worm (D:2)
  4 dart slugs
  4 orcs (D:3)
  9 bats
  4 endoplasms
  17 giant cockroaches
  5 goblins
  8 hobgoblins
  7 kobolds
  2 quokkas
  9 ball pythons
  A ball python skeleton (D:3)
  A frilled lizard (D:1)
  A giant cockroach zombie (D:3)
  A quokka skeleton (D:3)
  3 rats (D:1)
94 creatures vanquished.

Notes
Turn   | Place    | Note
-------+----------+-------------------------------------------
     0 | D:1      | Curundu the Hill Orc Berserker began the quest for the Orb.
     0 | D:1      | Reached XP level 1. HP: 19/19 MP: 1/1
   197 | D:1      | Found Hejol's General Store.
   351 | D:1      | Reached XP level 2. HP: 26/27 MP: 2/2
   886 | D:1      | Reached XP level 3. HP: 24/33 MP: 3/3
   889 | D:1      | Reached ** piety under Trog
  1223 | D:2      | Reached skill level 5 in Axes
  1238 | D:2      | Reached skill level 1 in Short Blades
  1256 | D:2      | Reached XP level 4. HP: 41/41 MP: 4/4
  1509 | D:2      | Found a faded altar of an unknown god.
  1825 | D:3      | Reached *** piety under Trog
  1916 | D:3      | Reached XP level 5. HP: 43/47 MP: 5/5
  1961 | D:3      | Reached skill level 6 in Axes
  2055 | D:3      | Reached skill level 5 in Fighting
  2074 | D:3      | Noticed Terence
  2086 | D:3      | Killed Terence
  2087 | D:3      | Reached XP level 6. HP: 56/56 MP: 6/6
  2676 | D:4      | Noticed a water moccasin
  2677 | D:4      | You fall into a shaft and drop 2 floors!
  2677 | D:6      | Found Kilyve's Book Boutique.
  2816 | D:6      | Reached skill level 7 in Axes
  2826 | D:6      | Noticed a black bear
  2837 | D:6      | Killed a black bear
  2838 | D:6      | Reached XP level 7. HP: 33/62 MP: 7/7
  2846 | D:6      | HP: 1/62 [iguana (16)]
  2848 | D:6      | Mangled by an iguana

Illustrated notes

Levels and vault maps discovered:
D:1:      eino_arrival_druids_welcome, layout_loops_corners, serial_shops,
          nicolae_shop_window_shopping
D:2:      minmay_roachtagon, layout_rooms,
          dreamdust_ecumenical_altar_angels_and_demons
D:3:      layout_loops_corners, serial_undead, serial_undead_a, serial_undead_c,
          serial_undead_c, serial_undead_c, serial_undead_a, serial_undead_a,
          uniq_terence
D:4:      layout_loops_ring, uniq_robin
D:6:      layout_cave_pools, serial_shops, nicolae_shop_rolling_square

Skill      XL: |  1  2  3  4  5  6 |
---------------+-------------------+-----
Fighting       | 4 5 |  5.9
Axes           | 5 6 7 |  7.3
Short Blades   | 1 |  1.9
Dodging        | 2 |  2.9
Throwing       | |  0.2
Armour         | |  2.2
Stealth        | |  0.1

Action                     |  1- 3 |  4- 6 |  7- 9 || total
---------------------------+-------+-------+-------++-------
  Melee: Hand axe          |    64 |    83 |       ||   147
         Short sword       |    49 |       |       ||    49
         Dagger            |       |    63 |    11 ||    74
  Throw: Boomerang         |       |     4 |       ||     4
 Invoke: Trog's Hand       |       |     1 |       ||     1
 Armour: Animal skin       |    55 |    72 |     6 ||   133
  Dodge: Dodged            |   109 |   113 |     7 ||   229

Table legend: (Time is in decaauts)
 A = Elapsed time spent in this place.
 B = Non-inter-level travel time spent in this place.
 C = Inter-level travel time spent in this place.
 D = Time resting spent in this place.
 E = Time spent auto-exploring this place.
 F = Levels seen in this place.
 G = Mean time per level.
                   A        B        C        D        E       F      G
               +--------+--------+--------+--------+--------+-----+--------+
         Total |   2847 |   2847 |      0 |      0 |   2081 |   5 |  569.4 |
       Dungeon |   2847 |   2847 |      0 |      0 |   2081 |   5 |  569.4 |
               +--------+--------+--------+--------+--------+-----+--------+

Top non-repeatable levels by time:
     D:1: 1049 daAuts
     D:3: 998 daAuts
     D:2: 585 daAuts
     D:6: 169 daAuts
     D:4: 44 daAuts
